 Dungeon Crawl Stone Soup version 0.24.0-13-gcf9b319 (webtiles) character file.

Game seed: 1055382786102406632, levelgen mode: deterministic

1264 Bronimir the Stinger (level 8, -4/58 HPs)
             Began as a Formicid Venom Mage on Apr 17, 2020.
             Was an Initiate of Vehumet.
             Slain by an orc warrior
             ... wielding a +0 halberd
              (27 damage)
             ... on level 7 of the Dungeon on Apr 18, 2020.
             The game lasted 00:19:49 (7237 turns).

Bronimir the Stinger (Formicid Venom Mage)          Turns: 7237, Time: 00:19:49

Health: -4/58      AC: 11    Str: 17    XL:     8   Next: 82%
Magic:  16/22      EV: 11    Int: 16    God:    Vehumet [......]
Gold:   402        SH:  0    Dex: 11    Spells: 0/14 levels left

rFire    . . .     SeeInvis +   a - +1 battleaxe
rCold    . . .     Gourm    .   (no shield)
rNeg     . . .     Faith    .   v - +0 ring mail
rPois    .         Spirit   .   (helmet unavailable)
rElec    .         Reflect  .   (no cloak)
rCorr    .         Harm     +   q - +2 pair of gloves {Str+3}
MR       .....                  r - +1 pair of boots
Stlth    +.........             m - amulet of harm
HPRegen  0.19/turn              s - ring of magical power
MPRegen  0.18/turn              (no ring)

@: no status effects
A: permanent stasis, dig shafts and tunnels, four strong arms, antennae 3
a: Dig, Shaft Self, Renounce Religion


You were on level 7 of the Dungeon.
You worshipped Vehumet.
Vehumet was noncommittal.
You were hungry.

You visited 2 branches of the dungeon, and saw 9 of its levels.

You collected 402 gold pieces.

Inventory:

Hand Weapons
 a - a +1 battleaxe (weapon)
 g - a +0 spear
 h - a +0 club
Missiles
 d - 115 stones
 j - 35 poisoned darts (quivered)
 k - 90 sling bullets
 n - 110 arrows
 A - 29 bolts
Armour
 l - a +0 shield
 q - a +2 pair of gloves of strength (worn)
 r - a +1 pair of boots (worn)
 v - a +0 ring mail (worn)
Jewellery
 m - an amulet of harm (around neck)
 s - a ring of magical power (left hand)
 B - an uncursed amulet of rage {unknown}
Wands
 F - a wand of enslavement (11)
Scrolls
 e - 5 scrolls of identify
 o - 3 scrolls of fear
 w - a scroll of magic mapping
 y - a scroll of amnesia
 z - 5 scrolls of remove curse
 C - a scroll of enchant armour {unknown}
Potions
 b - 3 potions of heal wounds
 f - a potion of haste {unknown}
 i - 2 potions of might {unknown}
 p - 2 potions of curing {unknown}
 t - 3 potions of agility {unknown}
 u - a potion of brilliance {unknown}
 x - 3 potions of resistance {unknown}
 D - a potion of lignification {unknown}
 E - a potion of flight {unknown}
Comestibles
 c - 16 rations


   Skills:
 + Level 3.1 Fighting
 * Level 5.4 Axes
 * Level 3.6 Armour
 + Level 2.5 Dodging
 - Level 2.4 Stealth
 * Level 3.1 Shields
 + Level 3.5 Spellcasting
 * Level 2.2 Conjurations
 * Level 0.8 Hexes
 - Level 0.1 Air Magic
 * Level 1.2 Earth Magic
 * Level 6.4 Poison Magic


You couldn't memorise any spells.
You knew the following spells:

 Your Spells              Type           Power        Failure   Level  Hunger
a - Sting                 Conj/Pois      ###.         5%          1    None
b - Poisonous Vapours     Pois/Air       ##....       12%         2    ##.....
c - Mephitic Cloud        Conj/Pois/Air  ##......     28%         3    ###....
d - Olgreb's Toxic Radia  Pois           ###.....     22%         4    ####...
e - Sandblast             Erth           #.....       19%         1    None
f - Corona                Hex            #......      22%         1    None
g - Passwall              Tmut/Erth      #.......     36%         2    ##.....

Your spell library contained the following spells:

 Spells                   Type           Power        Failure   Level  Hunger
 Slow                     Hex            #.......     32%         2    ##.....
 Stone Arrow              Conj/Erth      #.....       43%         3    ###....
 Inner Flame              Hex/Fire       #.......     63%         3    ###....
 Portal Projectile        Hex/Tloc       #.....       63%         3    ###....
 Venom Bolt               Conj/Pois      ###.......   83%         5    ######.
 Leda's Liquefaction      Hex/Erth       #.........   90%         4    ####...
 Cause Fear               Hex            #.........   91%         4    ####...
 Petrify                  Tmut/Erth      #.......     94%         4    ####...
 Lee's Rapid Deconstruct  Erth           #.........   99%         5    ######.


Dungeon Overview and Level Annotations

Branches:
Dungeon (8/15)             Temple (1/1) D:6
   Lair: D:8-11

Altars:
Cheibriados
Dithmenos
Elyvilon
Fedhas
Gozag
Hepliaklqana
Kikubaaqudgha
Makhleb
Nemelex Xobeh
Okawaru
Qazlal
Ru
Sif Muna
Trog
Uskayaw
Vehumet
Wu Jian
Xom
Yredelemnul
Zin
The Shining One

Shops:
D:4 (


Innate Abilities, Weirdness & Mutations

You cannot be hasted, slowed, berserked, paralysed or teleported.
You can dig through walls and to a lower floor.
Your four strong arms can wield two-handed weapons with a shield.
You have a pair of large antennae on your head. (SInv)


Message History

Press: ? - help, Dir - move target cursor, f - orc warrior
Aim: an orc warrior, wielding a +0 halberd and wearing a +0 plate armour (heavily wounded, poisoned) Poisonous vapours surround the orc warrior!
The orc warrior is engulfed in poison gas.
The orc warrior looks even sicker.
The orc warrior hits you with a +0 halberd.
Casting: Poisonous Vapours (safe; 12% risk of failure)
Confirm with . or Enter, or press ? or * to list all spells.
You don't know that spell.
Okay, then.
Casting: Poisonous Vapours (safe; 12% risk of failure)
Confirm with . or Enter, or press ? or * to list all spells.
Aiming: Sting (safe; 5% risk of failure)
Press: ? - help, Shift-Dir - straight line, f/p - orc warrior
Aim: an orc warrior, wielding a +0 halberd and wearing a +0 plate armour (almost dead, poisoned)
The sting hits the orc warrior but does no damage.
The orc warrior looks even sicker.
The orc warrior is almost dead.
The orc warrior hits you with a +0 halberd!!
You die...

#.≈###≈≈≈≈###≈..#
#.#...#≈≈#...#..#
##.#.⌠.#..#.⌠.#..#
#..#...#..#...#..#
#...###....###...#
#...............#
#.####.###.##.### #
#.####.##..##.####.#
#†.o@..............#
#####).######.######
...# #.# ##.## #.#
#.# #.# #.#######.#
#.>.))).).#
........########
.########


You could see an orc warrior.

Vanquished Creatures
  A sky beast (D:6)
  A phantom (D:6)
  An eye of draining (D:6)
  2 ogres
  A bullfrog (D:7)
  A gnoll sergeant (D:7)
  A scorpion (D:6)
  A bullfrog zombie (D:5)
  3 crimson imps
  A jelly (D:6)
  3 orc priests (D:6)
  3 hounds
  4 worker ants
  An orc wizard (D:5)
  2 hound skeletons
  5 gnolls (D:7)
  2 adders
  A shadow imp (D:6)
  An adder skeleton (D:6)
  A worm (D:2)
  2 dart slugs
  2 leopard geckos
  19 orcs
  2 giant cockroaches
  8 goblins
  6 hobgoblins
  3 jackals (D:2)
  2 quokkas
  2 ball pythons
  5 bats
  2 frilled lizards
  3 kobolds
  A quokka zombie (D:6)
  11 rats
104 creatures vanquished.

Notes
Turn   | Place    | Note
-------+----------+-------------------------------------------
     0 | D:1      | Bronimir the Formicid Venom Mage began the quest for the
                  | Orb.
     0 | D:1      | Reached XP level 1. HP: 13/13 MP: 3/3
   132 | D:1      | Reached XP level 2. HP: 19/19 MP: 1/5
   292 | D:1      | Learned a level 2 spell: Poisonous Vapours
   955 | D:1      | Reached XP level 3. HP: 25/25 MP: 6/6
  1125 | D:1      | Reached skill level 1 in Armour
  1205 | D:1      | Reached skill level 1 in Fighting
  1685 | D:2      | Reached skill level 5 in Poison Magic
  2089 | D:3      | Reached skill level 1 in Axes
  2089 | D:3      | Reached XP level 4. HP: 17/32 MP: 4/7
  2243 | D:3      | Learned a level 3 spell: Mephitic Cloud
  2998 | D:4      | Found Wuofyesch's Antique Weapon Boutique.
  3005 | D:4      | Reached XP level 5. HP: 35/37 MP: 5/8
  3287 | D:4      | Noticed an ogre
  3293 | D:4      | Killed an ogre
  3293 | D:4      | Reached skill level 1 in Shields
  3293 | D:4      | Reached XP level 6. HP: 44/44 MP: 10/10
  3604 | D:5      | Entered Level 5 of the Dungeon
  4163 | D:5      | Reached skill level 1 in Conjurations
  4341 | D:5      | Reached XP level 7. HP: 33/51 MP: 11/11
  5563 | D:6      | Reached XP level 8. HP: 54/57 MP: 12/12
  5572 | D:6      | Learned a level 4 spell: Olgreb's Toxic Radiance
  5620 | D:6      | Reached skill level 6 in Poison Magic
  5704 | D:6      | Found a staircase to the Ecumenical Temple.
  6481 | Temple   | Entered the Ecumenical Temple
  6855 | Temple   | Became a worshipper of Vehumet
  6928 | D:7      | Learned a level 1 spell: Sandblast
  6930 | D:7      | Learned a level 1 spell: Corona
  6933 | D:7      | Learned a level 2 spell: Passwall
  6940 | D:7      | Reached skill level 5 in Axes
  7028 | D:7      | You fall into a shaft and drop 1 floor!
  7048 | D:7      | Reached skill level 1 in Earth Magic
  7237 | D:7      | Slain by an orc warrior

Levels and vault maps discovered:
D:1:      saegor_arrival_simple_d, layout_rooms
D:2:      layout_basic
D:3:      wander_river, layout_loops_ring, minmay_randomly_rotated_circles
D:4:      layout_cave_pools, first_ration, serial_shops, shop
D:5:      layout_loops_corners, chequers_garden, minmay_stone_trees_medium,
          minivault_27
D:6:      layout_gridville, minmay_temple_entry_statues
D:7:      layout_loops_ring, fountainhead
D:8:      layout_rooms, lemuel_round_altar, minmay_holes, grunt_ogre_cave
Temple:   regret_index_temple_sigil_plot

Skill      XL: |  1  2  3  4  5  6  7  8 |
---------------+-------------------------+-----
Armour         | 1 2 3 |  3.6
Fighting       | 1 2 3 |  3.1
Dodging        | 2 |  2.5
Poison Magic   | 5 6 |  6.4
Axes           | 1 2 3 4 5 |  5.4
Shields        | 1 2 3 |  3.1
Conjurations   | 1 2 |  2.2
Spellcasting   | 3 |  3.5
Earth Magic    | 1 |  1.2
Stealth        | |  2.4
Hexes          | |  0.8
Air Magic      | |  0.1

Action                   |  1- 3 |  4- 6 |  7- 9 || total
-------------------------+-------+-------+-------++-------
Melee: Unarmed           |    18 |       |       ||    18
       Club              |    18 |       |       ||    18
       Spear             |    34 |       |       ||    34
       Battleaxe         |    14 |    94 |   123 ||   231
 Cast: Sting             |     8 |     3 |     1 ||    12
       Poisonous Vapours |    18 |    13 |     5 ||    36
       Mephitic Cloud    |       |     1 |     2 ||     3
       Olgreb's Toxic Ra |       |       |     2 ||     2
  Use: Scroll            |       |     6 |     5 ||    11
 Stab: Sleeping          |     4 |       |       ||     4
  Eat: Chunk             |     4 |     5 |     4 ||    13
       Ration            |       |     1 |     2 ||     3
Armor: Robe              |    18 |     7 |       ||    25
       Ring mail         |       |    40 |    55 ||    95
Dodge: Dodged            |    77 |    82 |    80 ||   239
